 Dungeon Crawl Stone Soup version 0.28.0-53-g5a82cb258f (webtiles) character file.

Game seed: 2942857036905701512

86 nickcage the Vexing (level 4, 0/21 HPs)
             Began as a Spriggan Enchanter on June 27, 2022.
             Succumbed to a kobold's poison
             ... on level 2 of the Dungeon.
             The game lasted 00:04:29 (1584 turns).

nickcage the Vexing (Spriggan Enchanter)            Turns: 1584, Time: 00:04:29

Health: 0/21       AC:  2    Str:  4    XL:     4   Next: 27%
Magic:  2/9        EV: 17    Int: 16    God:
Gold:   34         SH:  0    Dex: 17    Spells: 6/8 levels left

rFire   . . .      SeeInvis +   a - +1 dagger
rCold   . . .      Faith    .   (no shield)
rNeg    . . .      Spirit   .   b - +0 robe
rPois   .          Reflect  .   (helmet restricted)
rElec   .          Harm     .   (no cloak)
rCorr   .          Rampage  .   (gloves unavailable)
Will    .....                   (boots unavailable)
Stlth   +++.......              (no amulet)
HPRegen 0.07/turn               (no ring)
MPRegen 0.11/turn               (no ring)

@: lethally poisoned (0 -> -4), very quick
A: very small, no large weapons, unfitting armour, see invisible, speed 3
a: no special abilities


You were on level 2 of the Dungeon.
You visited 1 branch of the dungeon, and saw 2 of its levels.

You collected 34 gold pieces.

Inventory:

Hand Weapons
 a - a +1 dagger (weapon)
Missiles
 k - 5 boomerangs
Armour
 b - a +0 robe (worn)
Jewellery
 i - a ring of fire
Scrolls
 d - a scroll of identify {unknown}
 e - a scroll of fog {unknown}
 g - a scroll of enchant armour {unknown}
 j - a scroll of silence {unknown}
Potions
 c - a potion of invisibility
 f - a potion of curing {unknown}
 h - a potion of magic {unknown}
 l - a potion of heal wounds {unknown}


   Skills:
 + Level 3.3 Short Blades
 - Level 2.6 Dodging
 - Level 4.4 Stealth
 - Level 2.6 Spellcasting
 - Level 5.0 Hexes


You had 6 spell levels left.
You knew the following spells:

 Your Spells              Type           Power      Damage    Failure   Level
a - Ensorcelled Hibernat  Hex/Ice        20%        N/A       11%         2

Your spell library contained the following spells:

 Spells                   Type           Power      Damage    Failure   Level
 Confusing Touch          Hex            18%        N/A       8%          3
 Tukima's Dance           Hex            18%        N/A       8%          3
 Dazzling Flash           Conj/Hex       20%        N/A       21%         3
 Alistair's Intoxication  Tmut/Pois      1%         N/A       99%         5
 Simulacrum               Ice/Necr       1%         N/A       100%        6
 Ozocubu's Refrigeration  Ice            1%         4d5       100%        7


Dungeon Overview and Level Annotations

Branches:
Dungeon (2/15)

Altars:


Innate Abilities, Weirdness & Mutations

You are very small and have problems with some larger weapons.
You are too small for most types of armour.
You have supernaturally acute eyesight. (SInv)
You cover ground extremely quickly. (Speed+++)


Message History

A rat comes into view.
The rat bites you but does no damage.
You hit the rat.
You kill the rat!
No target in view!
A kobold comes into view. It is wielding a +1 dagger of venom.
No target in view!
No target in view!
The kobold shouts!
The kobold throws a stone.
The stone hits you.
The kobold resists with significant effort.
The kobold resists with significant effort.
The kobold hits you with a +1 dagger of venom.
You are poisoned.
The kobold resists with significant effort.
You feel sick.
An endoplasm comes into view.
The kobold hits you with a +1 dagger of venom.
You are lethally poisoned!
The kobold resists with significant effort.
You feel very sick. The kobold closely misses you.
You are too injured to fight recklessly!
You feel sick.
You feel sick.
* * * LOW HITPOINT WARNING * * *
You feel sick.
* * * LOW HITPOINT WARNING * * *
You feel sick.
* * * LOW HITPOINT WARNING * * *
You feel sick.
* * * LOW HITPOINT WARNING * * *
You feel sick.
* * * LOW HITPOINT WARNING * * *
You feel sick.
* * * LOW HITPOINT WARNING * * *
You feel sick.
The kobold throws a stone.
The stone misses you.
Things that are here:
a +0 club; a rat corpse; an adder corpse You die...

#.# #.## ###.# #.## #...#
#.## #.### #.## #.# #.##
#.## ##... #..# #.... ##.#
#.### #@# .. #.### #)# ...
#.##. ##J###.### #.##.
##........######....
#.........#.......#.
#...#.......#####.#.
######...................
........K##..)..#.#####.##
.######.......###.........


You could see an endoplasm and a kobold.

Vanquished Creatures
  A jelly (D:2)
  2 adders (D:2)
  3 dart slugs (D:1)
  A worm (D:2)
  2 endoplasms (D:2)
  2 giant cockroaches (D:1)
  3 hobgoblins (D:1)
  4 jackals (D:1)
  A quokka (D:2)
  A ball python (D:1)
  3 bats (D:1)
  3 goblins (D:1)
  2 kobolds
  4 rats
32 creatures vanquished.

Notes
Turn   | Place    | Note
-------+----------+-------------------------------------------
     0 | D:1      | nickcage the Spriggan Enchanter began the quest for the
                  | Orb.
     0 | D:1      | Reached XP level 1. HP: 9/9 MP: 5/5
   100 | D:1      | Reached skill level 4 in Hexes
   243 | D:1      | Reached XP level 2. HP: 6/13 MP: 6/6
   295 | D:1      | Learned a level 2 spell: Ensorcelled Hibernation
   731 | D:1      | Found a faded altar of an unknown god.
   852 | D:1      | Got the Reference Book on Icy Intoxication
   892 | D:1      | Reached skill level 5 in Hexes
  1116 | D:1      | Reached XP level 3. HP: 16/16 MP: 5/8
  1525 | D:2      | Reached XP level 4. HP: 21/21 MP: 4/9
  1583 | D:2      | HP: 1/21 [poisoned by a kobold]
  1584 | D:2      | Succumbed to a kobold's poison

Illustrated notes

Levels and vault maps discovered:
D:1:      amcnicky_arrival_gap_in_the_tavern_cellar, layout_basic,
          basic_ecumenical_altar
D:2:      layout_loops_cross, uniq_terence, uniq_sigmund

Skill      XL: |  1  2  3 |
---------------+----------+-----
Hexes          | 4 5 |  5.0
Short Blades   | 3 |  3.3
Dodging        | |  2.6
Stealth        | |  4.4
Spellcasting   | |  2.6

Action                   |  1- 3 |  4- 6 || total
-------------------------+-------+-------++-------
Melee: Dagger            |    90 |     1 ||    91
       Punch             |     2 |       ||     2
 Cast: Ensorcelled Hiber |    24 |     4 ||    28
 Stab: Sleeping          |    19 |       ||    19
       Distracted        |     1 |       ||     1
Armor: Robe              |     6 |     1 ||     7
Dodge: Dodged            |    88 |     2 ||    90
